Map: Ascension to Aiur LE

Players

Jettorix

  • Race: Protoss Protoss
  • League: Grandmaster
  • Spawn Location: 5:00

A.I. 1 (Very Easy) - Winner!

  • Race: Terran Terran
  • Spawn Location: 11:00

VOD

Have the link to the VOD?

Description

Chronoboost test

Time

  • Played on: Nov. 25, 2017, 2:37 p.m.
  • Length: 1:19
Show
View Real Time Build Order
Export as new Build Order

Jettorix Protoss 

Build Orders:  

Get SALT Encoding   

  6  0:01  Probe (Chrono Boost)  
  13  0:13  Probe (Chrono Boost)  
  14  0:16  Probe  
  14  0:21  Pylon  
  15  0:39  Gateway, Probe  
  15  0:42  Assimilator  
  16  0:51  Probe  
  17  1:03  Probe (Chrono Boost)  
  19  1:13  Probe (Chrono Boost)  
Show
View Real Time Build Order
Export as new Build Order

A.I. 1 (Very Easy) Terran - Winner!

Build Orders:  

Get SALT Encoding   

  6  0:00  SCV  
  13  0:13  SCV  
  14  0:19  Supply Depot  
  14  0:38  Refinery  
  14  0:43  Barracks  
  14  1:05  Supply Depot  
  14  1:13  Refinery  
Tags
 
Add a new tag
Caveats
  • Supply blocks, unpowered buildings, or Contaminate may cause inaccurate times.
  • Supply counts are checked every 10 seconds.